AoeStats
← Chino Mala Gente

Hideout

509884759Analyzed
1v1 RM · 4d ago on Sep 28, 2026· 59m 15s· 2 players
Game mode
Random Map
Map size
Tiny (2 player)
Population
200
Speed
Normal
Resources
Standard
Victory
Conquest
Starting age
Dark Age
Ending age
Imperial Age
RankedLock teamsTeams togetherTeam positionsShared explorationLock speedFull tech treeHidden civsTurbo modeCheats
Victory
Defeat
🇩🇪 Saxons · Germany
1285
+15
🇨🇴 Britons · Colombia
1253
-15
Chino Mala Gente
9:09 Feudal Age
13:59 Castle Age
13:04 Double-Bit Axe
17:50 Fletching
19:46 Bodkin Arrow
24:45 Yeomen
24:41 Padded Archer Armor
26:23 Leather Archer Armor
26:31 Ballistics
32:14 Imperial Age
33:06 Bracer
33:37 Ring Archer Armor
35:25 Chemistry
35:19 Loom
39:05 Gold Mining
40:18 Wheelbarrow
39:43 Elite Longbowman
41:09 Cavalier
42:03 Scale Barding Armor
42:09 Forging
42:56 Horse Collar
44:28 Husbandry
49:17 Chain Barding Armor
49:09 Forging
51:56 Plate Barding Armor
51:57 Iron Casting
50:49 Light Cavalry
53:45 Hand Cart
LaZ4rus
9:36 Feudal Age
13:51 Castle Age
11:47 Double-Bit Axe
12:23 Horse Collar
14:45 Bow Saw
20:31 Loom
21:54 Scale Barding Armor
22:00 Forging
24:05 Chain Barding Armor
23:58 Gold Mining
27:29 Fletching
27:58 Padded Archer Armor
27:32 Elite Skirmisher
30:14 Bodkin Arrow
31:36 Leather Archer Armor
33:15 Ballistics
37:11 Wheelbarrow
38:54 Squires
41:42 Imperial Age
39:26 Scale Mail Armor
40:38 Iron Casting
39:54 Gambesons
41:04 Gold Shaft Mining
41:46 Chain Mail Armor
41:07 Pikeman
42:27 Bracer
42:58 Ring Archer Armor
42:20 Shield Wall
44:10 Ring Archer Armor
45:13 Chemistry
44:55 Halberdier
45:40 Elite Hearth Troop
46:43 Conscription
47:18 Halberdier
50:27 Plate Mail Armor
50:52 Hand Cart
52:02 Arson
55:25 Thumb Ring
58:43 Hoardings
Connection lost

Rejoining the realm…

Still unreachable

The connection could not be restored.

Session expired

The server has moved on; the page needs a fresh start.